 Dungeon Crawl Stone Soup version 0.19-a0-1553-g64c24c3 (webtiles) character file.

210840 Amnesiac the Spry (level 17, -25/141 HPs)
             Began as a Demigod Enchanter on Sept 14, 2016.
             Killed from afar by a deep elf annihilator (46 damage)
             ... with a bolt of lightning
             ... on level 3 of the Elven Halls.
             The game lasted 01:55:51 (39416 turns).

Amnesiac the Spry (Demigod Enchanter)              Turns: 39416, Time: 01:55:52

Health: -25/141    AC: 22    Str: 11    XL:     17   Next: 14%
Magic:  4/35       EV: 28    Int: 25    God:
Gold:   2402       SH:  0    Dex: 22    Spells: 10 memorised, 2 levels left

rFire  + . .     SeeInvis .     B - +2 dagger (elec)
rCold  . . .     Gourm    .     a - +2 robe {Archmagi}
rNeg   + + .     Faith    .     (no shield)
rPois  +         Spirit   .     U - +2 hat of the High Council {Archmagi, Wiz- Stlth-}
rElec  .         Dismiss  +     u - +2 cloak
rCorr  .         Reflect  .     p - +2 pair of gloves {Str+3}
MR     +....     Harm     .     n - +2 pair of boots {Stlth+}
Stlth  ++++++.... Rnd*Rage +    K - amulet of dismissal
                                C - ring of Osapp {rF+ rN++ Str-3 Dex+2 Slay+2}
                                v - +5 ring of protection

@: no status effects
A: rugged brown scales 1, camouflage 1, berserk 1, high mp 1, mutation
resistance 1, poison resistance, shaggy fur 1, slow regeneration 1
a: no special abilities
}: 2/15 runes: decaying, serpentine


You were on level 3 of the Elven Halls.
You were not hungry.

You visited 6 branches of the dungeon, and saw 30 of its levels.

You collected 3223 gold pieces.
You spent 821 gold pieces at shops.

Inventory:

Hand Weapons
 c - a +0 triple sword
 B - a +2 dagger of electrocution (weapon)
 F - a +5 quick blade of holy wrath
 G - a +3 scimitar of draining
Missiles
 L - 6 curare-tipped needles
Armour
 a - a +2 robe of the Archmagi (worn)
 h - a +2 buckler
 n - a +2 pair of boots of stealth (worn)
 p - a +2 pair of gloves of strength (worn)
 u - a +2 cloak (worn)
 U - the +2 hat of the High Council (worn) {Archmagi, Wiz- Stlth-}
   (You found it on level 6 of the Lair of Beasts)

   It makes you less stealthy.
Jewellery
 v - a +5 ring of protection (left hand)
 C - the ring of Osapp (right hand) {rF+ rN++ Str-3 Dex+2 Slay+2}
   (You bought it in a shop on level 2 of the Orcish Mines)

   [ring of protection from fire]

   It affects your strength (-3).
   It affects your dexterity (+2).
   It affects your accuracy and damage with ranged weapons and melee attacks
   (+2).
   It protects you from fire.
   It greatly protects you from negative energy.
 H - an uncursed ring of see invisible
 J - an uncursed ring of resist corrosion
 K - an amulet of dismissal (around neck)
 R - an uncursed ring of stealth
Wands
 b - a wand of teleportation (6/9)
 N - a wand of disintegration (13/24)
 Z - a wand of digging (11/24)
Scrolls
 e - 4 scrolls of identify
 g - 4 scrolls of fog
 i - a scroll of blinking
 k - 14 scrolls of remove curse
 s - 3 scrolls of teleportation
 y - 7 scrolls of amnesia
 A - 3 scrolls of recharging
 D - 2 scrolls of enchant weapon
 E - 3 scrolls of magic mapping
 Y - a scroll of fear
Potions
 m - 4 potions of agility
 o - 3 potions of ambrosia
 r - 9 potions of curing
 t - 4 potions of brilliance
 w - 2 potions of invisibility
 x - a potion of berserk rage
 z - 3 potions of resistance
 I - a potion of flight
 V - a potion of might
Books
 T - a book of the Sky

   Spells                             Type                      Level
   a - Summon Lightning Spire         Summoning/Air                4
   b - Airstrike                      Air                          4
   c - Silence                        Hexes/Air                    5
   d - Deflect Missiles               Charms/Air                   6
   e - Conjure Ball Lightning         Conjuration/Air              6
   f - Tornado                        Air                          9
 W - a book of Burglary

   Spells                             Type                      Level
   a - Swiftness                      Charms/Air                   2
   b - Passwall                       Transmutation/Earth          2
   c - Passage of Golubria            Translocation                4
   d - Lee's Rapid Deconstruction     Earth                        5
   e - Darkness                       Hexes                        6
   f - Invisibility                   Hexes                        6
Miscellaneous
 M - a sack of spiders
 S - a phantom mirror
Comestibles
 d - 7 bread rations
 f - 19 meat rations
 j - 13 fruits
 l - 3 slices of pizza
 q - 5 beef jerkies


   Skills:
 - Level 9.0 Fighting
 - Level 10.0 Short Blades
 - Level 16.6 Dodging
 - Level 11.0 Stealth
 - Level 4.1 Shields
 - Level 9.0 Spellcasting
 + Level 15.6 Hexes
 - Level 1.0 Ice Magic


You had 2 spell levels left.
You knew the following spells:

 Your Spells              Type           Power        Failure   Level  Hunger
a - Dazzling Spray        Conj/Hex       ######       3%          3    None
b - Cause Fear            Hex            ########..   1%          4    ##.....
c - Invisibility          Hex            ########     4%          6    ######.
d - Corpse Rot            Necr           N/A          19%         2    None
e - Confuse               Hex            ########     1%          3    None
f - Ensorcelled Hibernat  Hex/Ice        ######       1%          2    None
g - Silence               Hex/Air        #######...   16%         5    ####...
h - Swiftness             Chrm/Air       ####....     19%         2    None
v - Passwall              Tmut/Erth      ####......   19%         2    None
w - Tukima's Dance        Hex            ########     1%          3    None


Dungeon Overview and Level Annotations

Branches:
Dungeon (11/15)            Temple (0/1) D:5            Lair (6/6) D:10
  Swamp (4/4) Lair:2        Snake (4/4) Lair:4        Slime (0/5) Lair:6
    Orc (2/2) D:11            Elf (3/3) Orc:2

Shops:
D:10 (   Orc:2 ([=?*   Elf:2 ?%   Snake:2 ?   Snake:4 =

Portals:
Trove: Elf:2 (show slimy rune of Zot)


Innate Abilities, Weirdness & Mutations

You have an increased reservoir of magic. (+10% MP)
You are partially covered in rugged brown scales. (AC +1, +3% HP)
Your skin changes colour to match your surroundings (Stealth+).
You tend to lose your temper in combat.
You are somewhat resistant to further mutation.
Your system is resistant to poisons. (rPois)
You are covered in fur. (AC +1)
You regenerate slowly when monsters are visible.


Message History

The deep elf annihilator mumbles some strange words.
The deep elf annihilator blinks!
Unknown command.
Throwing (i - inventory):
P - a throwing net (quivered)
Press: ? - help, Shift-Dir - straight line, f - deep elf high priest, p - deep elf annihilator
Aim: a deep elf high priest, wielding a short sword and wearing a chain mail (lightly wounded, aura of brilliance)
You throw a throwing net.
The throwing net hits the deep elf high priest.
The deep elf high priest is caught in the net!
The deep elf high priest is lightly wounded.
The deep elf annihilator seems less brilliant.
The deep elf annihilator is empowered by the deep elf high priest's aura!
The deep elf high priest utters a dark prayer and points at you.
Your life force is offered up.
* * * LOW HITPOINT WARNING * * *
The deep elf high priest is healed.
The deep elf annihilator is healed.
The deep elf high priest struggles against the net.
The deep elf annihilator casts a spell at you.
The bolt of lightning hits you!
You die...

.......#
#...........##
#.)...##
##....e....##
.#...##
##.......'##
#.'##'##
##'#.....##.##
##.###.##
##.####'#####.#
#..###.## ##.##
#.# ##. #.##
##.## ### ##.##
#.# ## #.#
##.###.###e##
#.# # #.#
##'#...#@## #.#
#.# ##...§.##
#.# #.#
##.).....## #/#
#)# #....⌠....#
#.# #.#
##§......## #.#
#.# ##.[e..#'##
#.# # #.#
##...###.## #.#
## #.# ##.##
##.## #.# ##.
#.# ###
##.####'#####.#


You could see a deep elf annihilator and a deep elf high priest (caught).

Vanquished Creatures
  A thorn hunter (Swamp:4)
  3 greater nagas
  2 deep elf sorcerers
  Louise (Elf:3)
  An orc warlord (Orc:2)
  Aizul (Snake:1)
  A deep elf elementalist (Elf:3)
  A deep elf demonologist (Elf:1)
  2 deep elf annihilators
  An ettin (Orc:1)
  A deep elf death mage (Elf:2)
  A fire dragon (Lair:4)
  Josephine (Lair:6)
  Harold (Lair:2)
  3 ice dragons (Swamp:4)
  A deep elf high priest (Elf:3)
  9 hydras
  The ghost of ximxim the Jinx, a journeyman FoEn of Sif Muna (D:10)
  5 anacondas
  10 naga warriors
  A catoblepas (Lair:6)
  30 dancing weapons
  8 alligators
  3 death yaks (Lair:6)
  The ghost of Xiguana the Fighter, a novice DrMo of Nemelex Xobeh (D:9)
  8 naga sharpshooters
  A shock serpent (Snake:1)
  2 orc high priests (Orc:2)
  11 deep elf knights
  3 salamander mystics
  3 swamp dragons
  2 shambling mangroves (Swamp:4)
  4 naga ritualists
  4 hill giants (D:11)
  2 orc knights (Orc:2)
  8 deep elf archers
  2 manticores (Lair:6)
  5 mana vipers
  4 oklob plants
  5 salamanders
  3 griffons (Lair:6)
  49 deep elf magi
  4 orc sorcerers
  A hornet (Swamp:4)
  7 elephants (Lair:6)
  Joseph (D:9)
  26 black mambas
  9 naga magi
  17 spiny frogs
  2 centaur skeletons
  4 freezing wraiths (Swamp:4)
  2 rime drakes
  7 komodo dragons
  10 trolls
  A two-headed ogre (Orc:1)
  10 slime creatures
  5 giant leeches
  25 blink frogs
  4 bog bodies
  2 dream sheep (Lair:6)
  6 spriggans
  45 yaks
  A wyvern (Lair:5)
  Sigmund (D:4)
  A shadow (Swamp:3)
  2 air elementals (Elf:1)
  5 wraiths (Lair:6)
  2 water elementals
  4 fire bats (D:9)
  2 basilisks
  3 hungry ghosts
  2 fire elementals
  3 swamp worm simulacra (Swamp:4)
  2 steam dragons
  6 vampire mosquitoes (Swamp:4)
  3 wargs
  11 swamp worms
  4 hippogriffs
  Edmund (D:4)
  A swamp worm (shapeshifter) (Elf:2)
  34 nagas
  A soldier ant (D:9)
  5 insubstantial wisps
  18 water moccasins
  A hell hound (D:9)
  14 hydra simulacra (Swamp:4)
  9 porcupines
  Duvessa (D:5)
  2 ice beasts
  2 black bears
  29 orc warriors
  11 swamp drakes
  6 sky beasts
  2 phantoms
  11 wasps
  A necrophage (D:10)
  6 wolves
  5 ogres
  9 centaurs
  18 crocodiles
  A big kobold (D:10)
  15 giant frogs
  A gnoll sergeant (D:9)
  Dowan (D:5)
  2 earth elementals (Elf:2)
  2 scorpions
  16 wights
  4 howler monkeys
  9 crimson imps
  A centaur zombie (D:9)
  2 lava snakes (D:9)
  A wasp zombie (D:8)
  A quasit (D:7)
  8 hounds
  Crazy Yiuf (D:2)
  12 orc wizards
  14 orc priests
  2 giant frog skeletons
  8 iguanas
  Natasha (D:4)
  7 worker ants
  7 hell rats
  A killer bee zombie (D:7)
  A hound zombie (D:5)
  2 hound skeletons (D:9)
  A howler monkey zombie (D:7)
  12 gnolls
  A howler monkey skeleton (D:9)
  15 adders
  A worker ant zombie (D:8)
  64 river rats
  4 shadow imps
  2 oozes (D:3)
  3 swamp drake simulacra (Swamp:4)
  An adder skeleton (D:6)
  2 adder zombies
  5 worms
  3 dart slugs
  6 giant geckos
  78 orcs
  11 bats
  11 giant cockroaches
  3 goblins
  7 hobgoblins
  5 jackals
  12 kobolds
  3 quokkas
  4 ball pythons
  7 frilled lizards
  A jackal skeleton (D:4)
  A jackal zombie (D:5)
  A quokka zombie (D:5)
  6 rats
  A crawling corpse (Elf:2)
  2 fire vortices (D:9)
  2 fungi (Orc:2)
1028 creatures vanquished.

Vanquished Creatures (collateral kills)
  2 deep elf death magi (Elf:3)
  A naga warrior (Snake:4)
  A deep elf knight (Elf:2)
  A deep elf mage (Elf:3)
  2 naga magi (Snake:4)
7 creatures vanquished.

Vanquished Creatures (others)
  An ice dragon (Swamp:4)
  9 dancing weapons
  2 deep elf magi (Elf:3)
  A swamp worm (Swamp:4)
  A briar patch (Swamp:4)
  A crawling corpse (Elf:2)
  A fire vortex (D:9)
  13 fungi
  A plant (Lair:4)
30 creatures vanquished.

Grand Total: 1065 creatures vanquished

Notes
Turn   | Place    | Note
-------+----------+-------------------------------------------
     0 | D:1      | Amnesiac the Demigod Enchanter began the quest for the Orb.
     0 | D:1      | Reached XP level 1. HP: 14/14 MP: 5/5
    36 | D:2      | Reached skill level 1 in Short Blades
   408 | D:1      | Reached XP level 2. HP: 14/20 MP: 7/7
   658 | D:1      | Learned a level 2 spell: Ensorcelled Hibernation
  1067 | D:1      | Reached skill level 1 in Ice Magic
  1180 | D:2      | Found a faded altar of an unknown god.
  1353 | D:2      | Reached XP level 3. HP: 26/26 MP: 8/8
  1441 | D:2      | Found a glowing golden altar of the Shining One.
  1569 | D:2      | Found a runed door.
  1624 | D:2      | Learned a level 3 spell: Confuse
  2007 | D:2      | Reached XP level 4. HP: 33/33 MP: 6/9
  2250 | D:2      | Noticed Crazy Yiuf
  2254 | D:2      | Killed Crazy Yiuf
  2452 | D:3      | Found an iron altar of Okawaru.
  2454 | D:3      | Found a burning altar of Makhleb.
  2457 | D:3      | Found a glowing golden altar of the Shining One.
  2978 | D:3      | Reached XP level 5. HP: 34/38 MP: 5/10
  3179 | D:3      | Reached skill level 2 in Dodging
  3776 | D:3      | You fall through a shaft for 3 floors!
  3780 | D:6      | Noticed a sky beast
  3924 | D:6      | Gained mutation: Your skin changes colour to match your surroundings (Stealth+). [potion of mutation]
  3924 | D:6      | Gained mutation: You tend to lose your temper in combat. [potion of mutation]
  3924 | D:6      | Gained mutation: Potions and wands are less effective at restoring your health. [potion of mutation]
  3925 | D:6      | Gained mutation: You have sharp toenails. [potion of mutation]
  3925 | D:6      | Gained mutation: You have razor-sharp toenails. [potion of mutation]
  3925 | D:6      | Lost mutation: You tend to lose your temper in combat. [potion of mutation]
  3926 | D:6      | Gained mutation: Your system is resistant to poisons. (rPois) [potion of mutation]
  3926 | D:6      | Lost mutation: Potions and wands are less effective at restoring your health. [potion of mutation]
  3956 | D:6      | Found a sparkling altar of Nemelex Xobeh.
  4023 | D:6      | Reached XP level 6. HP: 45/45 MP: 2/11
  4124 | D:6      | You fall through a shaft!
  4238 | D:7      | Found a sacrificial altar of Ru.
  4258 | D:7      | Noticed a hungry ghost
  4311 | D:7      | Killed a hungry ghost
  4549 | D:7      | Noticed a hippogriff
  4568 | D:7      | Killed a hippogriff
  4568 | D:7      | Reached skill level 5 in Short Blades
  4568 | D:7      | Reached skill level 5 in Stealth
  4568 | D:7      | Reached XP level 7. HP: 50/50 MP: 3/13
  4667 | D:7      | Found a shimmering altar of Xom.
  5289 | D:7      | Reached skill level 5 in Hexes
  5489 | D:6      | Reached XP level 8. HP: 57/57 MP: 11/14
  5564 | D:6      | Learned a level 3 spell: Tukima's Dance
  5568 | D:6      | Learned a level 3 spell: Dazzling Spray
  5646 | D:5      | Entered Level 5 of the Dungeon
  5748 | D:5      | Found a stormy altar of Qazlal.
  5937 | D:5      | Found a staircase to the Ecumenical Temple.
  6096 | D:4      | Found an opulent altar of Gozag.
  6230 | D:3      | Noticed a shadow dragon
  6615 | D:4      | Noticed Natasha
  6629 | D:4      | Killed Natasha
  6760 | D:4      | Noticed Edmund
  6784 | D:4      | Killed Edmund
  6839 | D:4      | Noticed Sigmund
  6841 | D:4      | Killed Sigmund
  7265 | D:5      | Noticed Dowan
  7640 | D:5      | Noticed Duvessa
  7649 | D:5      | Killed Duvessa
  7652 | D:5      | Killed Dowan
  7763 | D:6      | Found a snail-covered altar of Cheibriados.
  8153 | D:6      | Reached XP level 9. HP: 55/62 MP: 15/15
  8163 | D:6      | Gained mutation: You are somewhat resistant to further mutation. [mutagenic meat]
  8166 | D:6      | Lost mutation: You have razor-sharp toenails. [mutagenic meat]
  8346 | D:7      | Got an encrusted cloak
  8358 | D:7      | Identified the -6 cloak of Gifry {+Fly rF+ Dex-4} (You found it on level 7 of the Dungeon)
  9004 | D:8      | HP: 3/62 [orc priest/divine providence (17)]
  9856 | D:9      | Noticed Xiguana's ghost (novice DrMo)
 10025 | D:9      | Gained mutation: You regenerate slowly when monsters are visible. [potion of mutation]
 10047 | D:9      | Reached skill level 10 in Short Blades
 10340 | D:9      | Reached XP level 10. HP: 69/69 MP: 11/16
 10730 | D:9      | Killed Xiguana's ghost
 11074 | D:9      | Noticed Joseph
 11089 | D:9      | Killed Joseph
 11089 | D:9      | Reached skill level 10 in Hexes
 11154 | D:9      | Gained mutation: You are agile. (Dex +2) [mutagenic meat]
 11539 | D:9      | Gained mutation: You are covered in fur. (AC +1) [mutagenic meat]
 11542 | D:9      | Gained mutation: You are partially covered in rugged brown scales. (AC +1, +3% HP) [mutagenic meat]
 11996 | D:10     | Entered Level 10 of the Dungeon
 12130 | D:10     | Reached skill level 3 in Dodging
 12330 | D:10     | Learned a level 2 spell: Corpse Rot
 12351 | D:10     | Reached skill level 4 in Dodging
 12351 | D:10     | Reached XP level 11. HP: 72/76 MP: 16/20
 12367 | D:10     | Found Hidiy's Antique Weapon Shop.
 12367 | D:10     | Noticed ximxim's ghost (journeyman FoEn)
 12374 | D:10     | Killed ximxim's ghost
 12374 | D:10     | Reached skill level 5 in Dodging
 12581 | D:10     | Reached skill level 6 in Dodging
 12707 | D:10     | Found a staircase to the Lair.
 13090 | Lair:1   | Entered Level 1 of the Lair of Beasts
 13114 | Lair:1   | Reached skill level 7 in Dodging
 14093 | Lair:2   | Found a staircase to the Swamp.
 14158 | Lair:2   | Noticed Harold
 14162 | Lair:2   | Killed Harold
 14520 | Lair:2   | Noticed a seven-headed hydra
 14539 | Lair:2   | Killed a seven-headed hydra
 14539 | Lair:2   | Reached skill level 10 in Stealth
 15153 | Lair:2   | Reached XP level 12. HP: 76/83 MP: 21/21
 15566 | Lair:3   | Reached skill level 5 in Spellcasting
 16148 | Lair:4   | Noticed an eight-headed hydra
 16153 | Lair:4   | Killed an eight-headed hydra
 16767 | Lair:4   | Noticed a seven-headed hydra
 16777 | Lair:4   | Killed a seven-headed hydra
 16782 | Lair:4   | Found a staircase to the Snake Pit.
 17212 | Lair:4   | Noticed a fire dragon
 17232 | Lair:4   | Killed a fire dragon
 17511 | Lair:5   | Noticed an eight-headed hydra
 17521 | Lair:5   | Killed an eight-headed hydra
 17654 | Lair:5   | Reached skill level 1 in Fighting
 18408 | Lair:6   | Entered Level 6 of the Lair of Beasts
 18410 | Lair:6   | Reached XP level 13. HP: 98/98 MP: 26/26
 18598 | Lair:6   | Found a staircase to the Slime Pits.
 18599 | Lair:6   | Found a viscous altar of Jiyva.
 18825 | Lair:6   | Reached skill level 5 in Fighting
 19391 | Lair:6   | Noticed Josephine
 19397 | Lair:6   | Killed Josephine
 20116 | Lair:6   | Reached skill level 8 in Dodging
 20385 | Lair:6   | Reached skill level 9 in Dodging
 20654 | Swamp:1  | Entered Level 1 of the Swamp
 20942 | Swamp:1  | Reached skill level 10 in Dodging
 21067 | Swamp:1  | Learned a level 4 spell: Cause Fear
 21073 | Swamp:1  | Learned a level 5 spell: Silence
 21178 | Swamp:2  | Reached XP level 14. HP: 121/121 MP: 25/27
 21708 | Swamp:4  | Entered Level 4 of the Swamp
 21719 | Swamp:4  | Reached skill level 11 in Dodging
 22334 | Swamp:4  | Reached skill level 12 in Dodging
 22574 | Swamp:4  | Noticed a thorn hunter
 22599 | Swamp:4  | HP: 4/121 [thorn hunter (20)]
 22606 | Swamp:4  | Killed a thorn hunter
 23901 | Swamp:4  | Reached skill level 13 in Dodging
 24103 | Swamp:4  | Got a decaying rune of Zot
 24697 | Swamp:4  | Noticed a thorn hunter
 25490 | D:11     | Found a staircase to the Orcish Mines.
 25807 | Orc:1    | Entered Level 1 of the Orcish Mines
 26069 | Orc:2    | Entered Level 2 of the Orcish Mines
 26175 | Orc:2    | Found Taecedgh's Antique Weapon Emporium.
 26175 | Orc:2    | Noticed an orc warlord
 26256 | Orc:2    | Found Waurph's Jewellery Shop.
 26796 | Orc:2    | Killed an orc warlord
 26809 | Orc:2    | Reached XP level 15. HP: 59/127 MP: 13/31
 27277 | Orc:2    | Found a staircase to the Elven Halls.
 27294 | Orc:2    | Found Kuqypt's Antique Armour Shoppe.
 27504 | Orc:2    | Found Gouxiam's Magic Scroll Emporium.
 27538 | Orc:2    | Found Enluel's General Store.
 27587 | Orc:2    | Bought a +2 pair of boots of stealth for 236 gold pieces
 27706 | Orc:2    | Bought the ring of Osapp {rF+ rN++ Str-3 Dex+2 Slay+2} for 585 gold pieces
 28309 | Snake:1  | Entered Level 1 of the Snake Pit
 28344 | Snake:1  | Noticed Aizul
 28369 | Snake:1  | Killed Aizul
 28708 | Snake:1  | Reached skill level 14 in Dodging
 28794 | Snake:1  | Learned a level 2 spell: Passwall
 28801 | Snake:1  | Learned a level 6 spell: Invisibility
 28804 | Snake:1  | Learned a level 2 spell: Swiftness
 29666 | Snake:2  | Found Kuzy's Magic Scroll Boutique.
 29814 | Snake:2  | Noticed a greater naga
 29847 | Snake:2  | Killed a greater naga
 29889 | Snake:2  | Noticed a greater naga
 30252 | Snake:4  | Entered Level 4 of the Snake Pit
 30285 | Snake:4  | Reached skill level 15 in Dodging
 30382 | Snake:4  | Found Nostra Isiu's Jewellery Shoppe.
 31133 | Snake:4  | Noticed a greater naga
 31156 | Snake:4  | Killed a greater naga
 31989 | Snake:4  | Reached skill level 16 in Dodging
 32235 | Snake:4  | Noticed a greater naga
 32513 | Snake:4  | Killed a greater naga
 32513 | Snake:4  | Reached XP level 16. HP: 87/135 MP: 27/33
 32622 | Snake:4  | Got a serpentine rune of Zot
 33420 | Elf:1    | Entered Level 1 of the Elven Halls
 34415 | Elf:1    | Gained mutation: You tend to lose your temper in combat. [mutagenic glow]
 35290 | Elf:2    | Found Sugryczu's Food Emporium.
 35306 | Elf:2    | Found Qaepulia's Magic Scroll Shop.
 35477 | Elf:2    | Lost mutation: You are agile. (Dex +2) [potion of cure mutation]
 35477 | Elf:2    | Lost mutation: You have sharp toenails. [potion of cure mutation]
 35526 | Elf:2    | Found a runed gate.
 35526 | Elf:2    | Found a runed gate.
 35527 | Elf:2    | Found a runed gate.
 35571 | Elf:2    | Found a portal to a secret trove of treasure.
 36012 | Elf:2    | Reached skill level 1 in Shields
 37014 | Elf:3    | Entered Level 3 of the Elven Halls
 37014 | Elf:3    | Found an ancient bone altar of Kikubaaqudgha.
 37173 | Elf:3    | Reached skill level 15 in Hexes
 37489 | Elf:3    | Reached XP level 17. HP: 136/141 MP: 29/35
 38769 | Elf:3    | Noticed Louise
 38802 | Elf:3    | Killed Louise
 39416 | Elf:3    | Killed from afar by a deep elf annihilator

Vault maps used:
D:1:      minmay_arrival_stone_box
D:2:      ecumenical_altar_2, tso_metal_star, uniq_crazy_yiuf_cottage
D:3:      grunt_temple_overflow_open, first_bread
D:4:      nicolae_overflow_hidden_temple, sigmund_edmund_badplayer, uniq_natasha
D:5:      grunt_qazlal_sundering, minivault_11, uniq_duvessa
D:6:      lemuel_coloured_pillars_altar, old_standard_altar
D:7:      kennysheep_mini, lemuel_crystal_altar, minmay_statues_item
D:9:      minmay_quarter_circles, the_bakery, glass_columns_b,
          hangedman_incinerator, uniq_joseph
D:10:     lair_0_dummy, serial_shops, shop, nrook_mini_backslash
D:11:     hiddenorc1_lemuel
Lair:1:   ldierk_geyser, serial_bayou_pond_e, cheibrodos_lair_reptile_den,
          grunt_megastairs_3
Lair:2:   minmay_swamp_entry_reptiles, lemuel_fruit_tree, uniq_harold
Lair:4:   dragon1_lemuel, minmay_snake_entry_guardpost_large
Lair:5:   dpeg_oklob_1
Lair:6:   hangedman_lair_in_review, slime_altar_1, bh_autumn_forest_stairs,
          uniq_josephine
Swamp:1:  serial_swamp_ruin, hangedman_swamp_ruin_wall,
          evilmike_swamp_ruin_rubble_1, evilmike_swamp_ruin_house_5,
          nicolae_swamp_fairy_circle, swamp_pool2
Swamp:2:  hangedman_swamp_cone
Swamp:3:  evilmike_swamp_ruin_house_2
Swamp:4:  swamp_icy
Snake:1:  uniq_aizul
Snake:2:  serial_shops, nicolae_shop_stone
Snake:3:  spider_trap
Snake:4:  snake_pit, serial_shops, shop
Orc:2:    grunt_orc_gardens, grunt_orc_garden, grunt_orc_garden,
          grunt_orc_garden, grunt_orc_garden, serial_shops, shop, mines3_lemuel
Elf:1:    eino_elf_arrival_shootout, hangedman_corner_corridor
Elf:2:    enter_trove_1, serial_shops, shop, shop
Elf:3:    minmay_elf_hall_spiked, basic_altar, minivault_24,
          lemuel_flamethrower_3, uniq_louise

Skill      XL: |  1  2  3  4  5  6  7  8  9 10 11 12 13 14 15 16 |
---------------+-------------------------------------------------+-----
Short Blades   | 1 2 3 5 6 10 | 10.0
Stealth        | 3 5 6 7 10 11 | 11.0
Spellcasting   | 2 4 6 8 9 |  9.0
Hexes          | 3 4 5 7 10 12 15 | 15.6
Ice Magic      | 1 |  1.0
Dodging        | 2 4 7 10 13 16 | 16.6
Fighting       | 4 9 |  9.0
Shields        | 4 |  4.1

Action                   |  1- 3 |  4- 6 |  7- 9 | 10-12 | 13-15 | 16-18 || total
-------------------------+-------+-------+-------+-------+-------+-------++-------
Melee: Dagger            |   100 |   154 |   325 |   565 |  1413 |   569 ||  3126
       Kick              |       |    11 |    96 |   147 |   354 |       ||   608
Throw: Throwing net      |       |       |       |       |       |     3 ||     3
 Cast: Ensorcelled Hiber |    21 |    60 |    54 |   142 |   144 |       ||   421
       Confuse           |       |     8 |    40 |    46 |   185 |    69 ||   348
       Dazzling Spray    |       |       |    12 |    26 |    94 |    19 ||   151
       Tukima's Dance    |       |       |       |       |     6 |    31 ||    37
       Invisibility      |       |       |       |       |       |    13 ||    13
       Passwall          |       |       |       |       |       |     5 ||     5
 Abil: Evoke Flight      |       |       |       |     2 |       |       ||     2
Evoke: Wand              |       |       |       |       |       |     1 ||     1
  Use: Scroll            |       |    12 |    10 |    10 |     8 |     4 ||    44
       Potion            |       |     3 |     7 |     1 |    10 |     7 ||    28
 Stab: Distracted        |     1 |       |       |     3 |    10 |     1 ||    15
       Sleeping          |    21 |    32 |    42 |   146 |   142 |    33 ||   416
       Confused          |       |     2 |    18 |    43 |   119 |    31 ||   213
       Invisible         |       |       |     8 |    11 |    29 |    47 ||    95
       Held in net/web   |       |       |       |       |       |     3 ||     3
  Eat: Chunk             |     5 |    12 |    32 |    39 |    26 |    21 ||   135
       Meat ration       |       |     1 |       |       |       |     1 ||     2
       Bread ration      |       |       |       |     1 |     4 |     2 ||     7
       Royal jelly       |       |       |       |     1 |     1 |       ||     2
Armor: Robe              |    23 |    58 |   123 |   102 |   261 |    85 ||   652
Dodge: Dodged            |    52 |    90 |   214 |   271 |  1186 |   366 ||  2179
